Ilztune, chaotic male elven Ranger # ----- ---------------- -|--- ---------- |....# |.!!!!!.!!!!!!!| |...| |..._....| ##.>..|# |..!.!%!.!!!!!!| |...-# |........| # |...|# |@!.!....!!!!.!| |...|# |.........########+...|# |.!.!!.........| |...-# |........| # -----# -@-------------- -|---####.........| ### # ) # # --.------- # # ### ### # ## ### # # # # # # # # ## ##############################%## -.---.----|----- # ## # # #--.--------- |..............| # # # ### #|..........| ##-..............| # ####### # #......<....| # |..............| # -----|-.--# |..........-### |..............| ##-.........# |..........| ---------------- |........| ------------ ---------- Ilztune the Lookout Experience level: 5 Strength: 16 Dexterity: 13 Constitution: 15 Intelligence: 17 Wisdom: 13 Charisma: 7 Health: 0(31) Energy: 30(30) Def: 3 Gold: 0 Moves: 2396 Dungeon seed: A49FHSFNWsIc6Ccq Game ID: Ilztune_1521997827 Your Inventory: Weapons a - an uncursed +1 elven dagger (alternate weapon; not wielded) b - an uncursed +1 elven bow (weapon in hand) c - 42 uncursed +2 elven arrows (in quiver) d - 36 uncursed +0 elven arrows m - an uncursed +0 dart q - a cursed -3 sling Armor e - an uncursed +2 elven cloak (being worn) n - an uncursed +0 orcish helm Comestibles f - 5 uncursed lembas wafers A - an uncursed partly eaten female iguana corpse Scrolls g - a blessed scroll of identify j - an uncursed scroll of teleportation Potions t - an uncursed potion of hallucination v - a blessed potion of confusion w - a blessed potion of polymorph z - a blessed potion of healing Rings p - an uncursed ring of slow digestion (on left hand) Wands h - an uncursed wand of cold (0:8) Spells and supernatural/magical abilities: Name Level Category Cost Memory W - pray for help -- divine ? -- Your skills at the end: Fighting Skills wands [Basic] Weapon Skills dagger [Basic] bow [Basic] Spellcasting Skills Final Attributes: You were sleep resistant. You saw invisible. You had automatic searching. You had infravision. You were stealthy. You had slower digestion. You are dead. Vanquished creatures: 2 small mimics a kitten a werejackal 3 iguanas 2 acid blobs a gas spore a hobbit 2 manes 3 giant rats a gnome 4 geckos 10 jackals 2 foxes a kobold a goblin 6 grid bugs 4 lichens a kobold zombie 4 newts 50 creatures vanquished. Voluntary challenges: You used a wielded weapon 31 times, starting on turn 34. You read items or engraved 1 time, starting on turn 1450. You never genocided any monsters. You never polymorphed an object. You never changed form. You used no wishes. You never split a pudding. You never wrote Elbereth's name. You never violated your personal moral code. Dungeon overview: The Dungeons of Doom: levels 1 to 3 Level 1 a long staircase Level 2 a fountain, a vault Level 3 <- You were here a potion shop, an altar to Venus, a vault History has recorded: On T:1 you entered the Dungeons of Doom to retrieve the Amulet of Yendor! On T:267 you advanced to experience level 2. On T:463 you reached level 2 of The Dungeons of Doom. On T:991 you advanced to experience level 3. On T:1225 you reached level 3 of The Dungeons of Doom. On T:1777 you advanced to experience level 4. On T:2219 you advanced to experience level 5. Score breakdown: Gold: 0 ( 0 points) Experience: 5 levels (11141 points) Exploration: 3 levels ( 6.00%) ( 6060 points) Discoveries: 0 items ( 0.00%) ( 0 points) Valuables value: (no points given unless you survive) Artifact value: 0 ( 0 points) Variety of kills: 19 monsters ( 5.00%) ( 6708 points) Turncount: 2396 turns ( -267 points) Survival: died (score multiplied by 80%) Total score: 18913 Latest messages: q - a cursed sling. You hear the footsteps of a guard on patrol. You stop. Sirius is in the way! Sirius picks up a potion. You are now wielding your elven bow. a - an uncursed +1 elven dagger (alternate weapon; not wielded). You shoot 3 elven arrows. The 1st elven arrow misses Gorlowka. The 2nd elven arrow misses Gorlowka. The 3rd elven arrow misses Gorlowka. Gorlowka casts a spell! The force bolt misses you. You shoot 3 elven arrows. The 1st elven arrow hits Gorlowka! The 2nd elven arrow misses Gorlowka. The 3rd elven arrow hits Gorlowka! Gorlowka zaps a glass wand! The wand hits you! You die... Gorlowka comes and takes all your possessions. Final status: Goodbye Ilztune the Ranger, killed by a Ms. Gorlowka, the shopkeeper's wand... You died in The Dungeons of Doom on dungeon level 3 with 18913 points, and 0 pieces of gold, after 2396 moves. You were level 5 with a maximum of 31 hit points when you died.